AoeStats
← Death_Rider

Hideout

510105815Analyzed
1v1 RM · 4d ago on Sep 29, 2026· 32m 58s· 2 players
Game mode
Random Map
Map size
Tiny (2 player)
Population
200
Speed
Normal
Resources
Standard
Victory
Conquest
Starting age
Dark Age
Ending age
Imperial Age
RankedLock teamsTeams togetherTeam positionsShared explorationLock speedFull tech treeHidden civsTurbo modeCheats
Victory
Defeat
🇩🇪 Hindustanis · Germany
964
+16
🇹🇷 Romans · Türkiye
971
-16
Death_Rider
9:29 Feudal Age
10:11 Double-Bit Axe
10:09 Horse Collar
13:28 Forging
13:28 Scale Barding Armor
15:48 Fletching
21:48 Castle Age
21:08 Loom
22:08 Light Cavalry
22:50 Husbandry
24:18 Thumb Ring
24:20 Crossbowman
25:57 Town Watch
26:47 Wheelbarrow
26:15 Heavy Plow
27:58 Bodkin Arrow
28:05 Padded Archer Armor
32:21 Gold Mining
32:31 Stone Mining
33:02 Ballistics
32:32 Guard Tower
Fjerda
0:46 Loom
10:28 Feudal Age
11:38 Double-Bit Axe
12:15 Forging
12:00 Man-at-Arms
13:02 Scale Mail Armor
24:24 Castle Age
22:57 Horse Collar
23:17 Gold Mining
23:35 Stone Mining
26:53 Padded Archer Armor
26:43 Fletching
28:14 Long Swordsman
29:42 Bow Saw
29:34 Heavy Plow
Connection lost

Rejoining the realm…

Still unreachable

The connection could not be restored.

Session expired

The server has moved on; the page needs a fresh start.